Map: Galactic Process LE

Players

Remmos

  • Race: Zerg Zerg
  • League: Gold
  • Spawn Location: 1:00

Amix - Winner!

  • Race: Zerg Zerg
  • League: Platinum
  • Spawn Location: 7:00

VOD

Have the link to the VOD?

Description

Time

  • Played on: Nov. 12, 2016, 5:41 p.m.
  • Length: 8:41
Show
View Real Time Build Order
Export as new Build Order

Remmos Zerg 

Build Orders: Hatch First 

Get SALT Encoding   

  12  0:01  Drone  
  13  0:08  Drone  
  14  0:18  Overlord  
  14  0:29  Drone, Extractor  
  15  0:38  Drone x2  
  17  0:55  Hatchery  
  16  1:04  Drone x2  
  17  1:07  Extractor  
  17  1:10  Drone  
  18  1:19  Drone  
  19  1:33  Drone, Spawning Pool  
  19  1:42  Drone  
  20  1:49  Drone  
  21  2:12  Drone  
  21  2:13  Drone x2  
  24  2:16  Hatchery  
  23  2:23  Spine Crawler  
  23  2:30  Drone x3  
  25  2:37  Queen  
  25  2:40  Drone  
  28  2:44  Overlord  
  28  2:53  Metabolic Boost  
  28  2:56  Overlord  
  28  3:05  Overlord  
  28  3:10  Queen  
  30  3:21  Drone x3  
  30  3:23  Drone  
  34  3:30  Queen  
  34  3:33  Drone  
  37  3:54  Drone  
  37  3:55  Drone x7  
  45  4:03  Roach Warren  
  45  4:04  Lair  
  44  4:17  Drone x2  
  44  4:18  Drone x4  
  50  4:27  Drone  
  50  4:30  Overlord, Extractor  
  50  4:32  Extractor x2  
  50  4:36  Zergling x2  
  49  4:47  Overlord x2  
  49  5:07  Drone  
  49  5:08  Drone x7  
  57  5:25  Roach  
  57  5:26  Roach x6  
  56  5:39  Roach x4  
  55  5:59  Roach Warren  
  54  6:18  Drone  
  54  6:19  Drone x8  
  65  6:49  Glial Reconstitution, Extractor  
  65  6:51  Roach x6  
  76  7:01  Roach  
  76  7:02  Roach x2  
  60  7:27  Drone x8  
  64  7:48  Hatchery  
  64  7:49  Extractor  
  64  7:51  Extractor  
  61  7:54  Queen  
  63  8:01  Roach  
  63  8:02  Roach x5  
  73  8:23  Hatchery  
Show
View Real Time Build Order
Export as new Build Order

Amix Zerg - Winner!

Build Orders: Hatch First 

Get SALT Encoding   

  12  0:01  Drone  
  13  0:13  Overlord  
  13  0:20  Drone  
  14  0:35  Drone  
  14  0:36  Drone x2  
  17  0:55  Hatchery  
  16  1:01  Extractor  
  16  1:02  Drone  
  16  1:16  Spawning Pool  
  16  1:18  Drone  
  16  1:38  Drone x3  
  19  1:54  Evolution Chamber  
  19  1:56  Drone  
  19  2:03  Queen  
  19  2:07  Queen  
  23  2:08  Drone  
  24  2:20  Zerg Melee Weapons Level 1  
  24  2:22  Drone  
  25  2:23  Drone  
  25  2:25  Drone  
  27  2:44  Metabolic Boost  
  27  2:52  Spine Crawler  
  27  2:53  Drone x2  
  27  2:56  Overlord  
  27  2:57  Overlord  
  28  3:19  Drone x7  
  36  3:20  Drone x2  
  37  3:45  Zergling x10  
  42  3:52  Extractor  
  42  3:54  Extractor  
  40  3:56  Zergling x2  
  41  4:06  Hatchery, Zergling x4  
  42  4:11  Zergling x4  
  42  4:13  Lair  
  44  4:20  Overlord x4  
  44  4:29  Zerg Ground Armor Level 1  
  44  4:38  Zergling x8  
  45  4:40  Zergling x2  
  45  4:41  Zergling x2  
  50  4:51  Drone x4  
  54  5:06  Drone x4  
  58  5:12  Queen  
  58  5:13  Queen  
  58  5:37  Zergling x10  
  58  5:38  Zergling x6  
  57  6:10  Zergling x18  
  57  6:11  Zergling x8  
  64  6:26  Zergling x4  
  64  6:27  Zergling x6  
  69  6:35  Zergling x4  
  53  7:39  Zergling x36  
  53  7:40  Zergling x6  
  74  7:46  Overlord  
  74  7:47  Overlord x2  
  74  8:10  Drone x2  
  74  8:11  Drone x5  
Tags
 
Add a new tag
Caveats
  • Supply blocks, unpowered buildings, or Contaminate may cause inaccurate times.
  • Supply counts are checked every 10 seconds.